 Dungeon Crawl Stone Soup version 0.30-a0-743-gbfdf073431 (webtiles) character file.

Game seed: 9135709603179785376

127 browni3141 the Trooper (level 4, 0/37 HPs)
             Began as a Mummy Cinder Acolyte on Feb 7, 2023.
             Was a High Priest of Ignis.
             Slain by a wight
             ... wielding a +0 flail
              (6 damage)
             ... on level 3 of the Dungeon.
             The game lasted 00:03:23 (2016 turns).

browni3141 the Trooper (Mummy Cinder Acolyte)       Turns: 2016, Time: 00:03:23

Health: 0/37       AC:  5    Str: 19    XL:     4   Next: 85%
Magic:  6/6        EV: 10    Int: 13    God:    Ignis [*****.]
Gold:   9          SH:  0    Dex:  7    Spells: 5/5 levels left

rFire   . . .      SeeInvis .    q - +2 war axe (vamp)
rCold   + . .      Faith    +    (no shield)
rNeg    + + +      Spirit   .    h - +0 ring mail
rPois   ∞          Reflect  .    (no helmet)
rElec   .          Harm     .    (no cloak)
rCorr   .          Rampage  .    (no gloves)
Will    .....                    (no boots) Stlth
                                 (no amulet)
HPRegen 0.26/turn                (no ring)
MPRegen 0.10/turn                (no ring)

@: no status effects
A: cold resistance 1, negative energy resistance 3, torment resistance 2, heat
vulnerability 1, in touch with death 1, no potions, faith
a: Renounce Religion, Fiery Armour, Foxfire Swarm, Rising Flame


You were on level 3 of the Dungeon.
You worshipped Ignis.
Ignis was extremely pleased with you.
You visited 1 branch of the dungeon, and saw 3 of its levels.

You collected 99 gold pieces.
You spent 90 gold pieces at shops.

Inventory:

Hand Weapons
 a - a -1 hand axe of flaming
 e - a +0 hand axe
 f - a +0 club
 g - a +1 spear of freezing
 q - a +2 vampiric war axe (weapon)
Missiles
 d - 3 javelins (quivered)
Armour
 b - a +0 robe
 h - a +0 ring mail (worn)
Wands
 j - a wand of flame (17)
Scrolls
 c - 3 scrolls of fog
 i - a scroll of brand weapon {unknown}
 k - 4 scrolls of immolation {unknown}
 l - a scroll of fear {unknown}
 m - a scroll of vulnerability {unknown}
 n - 2 scrolls of identify {unknown}
 o - a scroll of blinking
 p - a scroll of teleportation {unknown}


   Skills:
 - Level 4.0 Fighting
 - Level 2.4(3.0) Axes
 - Level 2.6(3.1) Polearms
 - Level 1.3 Spellcasting
 - Level 2.4 Fire Magic
 * Level 1.2 Evocations


You had 5 spell levels left.
You didn't know any spells.
Your spell library contained the following spells:

 Spells                   Type           Power      Damage    Failure   Level
 Scorch                   Fire           14%        2d5       26%         2
 Call Canine Familiar     Summ           0%         N/A       80%         3
 Ozocubu's Armour         Ice            0%         N/A       80%         3
 Portal Projectile        Hex/Tloc       0%         N/A       80%         3
 Leda's Liquefaction      Hex/Erth       0%         N/A       99%         4
 Ozocubu's Refrigeration  Ice            0%         4d7       100%        7


Dungeon Overview and Level Annotations

Branches:
Dungeon (3/15)

Altars:

Shops:
D:2 [?


Innate Abilities, Weirdness & Mutations

You are immune to poison.
Your flesh is cold resistant. (rC+)
You are immune to negative energy. (rN+++)
You are immune to unholy pain and torment.
You are vulnerable to heat. (rF-)
You are in touch with the powers of death.
You do not drink.
You have a special connection with the divine. (Faith)


Message History

You barely miss the kobold.
The kobold is severely wounded.
The kobold barely misses you. The wight barely misses you.
You see here an orc corpse.
The wight attacks as you move away! The wight hits you with a +0 flail.
The kobold attacks as you move away! The kobold hits you but does no damage.
The wight attacks as you move away! The wight barely misses you.
The wight closely misses you. The kobold attacks as you move away!
The kobold misses you. The wight attacks as you move away!
The wight misses you.
There is a stone staircase leading down here.
You closely miss the wight. The wight hits you with a +0 flail.
You closely miss the wight. The wight hits you with a +0 flail.
The wight barely misses you.
You barely miss the wight. The wight closely misses you.
You closely miss the wight. The wight hits you but does no damage.
The wight hits you with a +0 flail!
* * * LOW HITPOINT WARNING * * *
You are too injured to fight recklessly!
Aiming: Throw Flame
Press: ? - help, Shift-Dir - straight line, f - wight
Aim: a wight, wielding a +0 flail and wearing a +0 robe (68% to hit)
The puff of flame hits the wight.
The wight is moderately damaged.
The wight hits you with a +0 flail.
* * * LOW HITPOINT WARNING * * *
Aiming: Throw Flame
Press: ? - help, Shift-Dir - straight line, f/p - wight
Aim: a wight, wielding a +0 flail and wearing a +0 robe (moderately damaged, 68% to hit)
The puff of flame hits the wight.
The wight is heavily damaged.
The wight closely misses you.
Aiming: Throw Flame
Press: ? - help, Shift-Dir - straight line, f/p - wight
Aim: a wight, wielding a +0 flail and wearing a +0 robe (heavily damaged, 68% to hit)
The puff of flame hits the wight.
The wight is almost destroyed.
The wight hits you with a +0 flail.
You die...

.z ...#.#.. .. #
#..#.######. ...
#.##.#.........
#......z#......
..##...o.......
#...zJ.##### #
#..#K### ...
.....#z####
####z.##..##.##.@..#
......... .. ####.##
###. <.....z.
#!######..####.#...
........
#.#.......#........
........
#.......#.##.#...
........
#................
........
#......#.....#...
........
#########.!......
........
#..........#.###


You could see 3 wights, an orc and a kobold.

Vanquished Creatures
  A howler monkey (D:2)
  4 adders (D:2)
  3 worms (D:2)
  A dart slug (D:2)
  4 orcs
  4 endoplasms
  A giant cockroach (D:2)
  5 goblins
  5 hobgoblins
  3 kobolds (D:2)
  A quokka (D:2)
  A ball python (D:3)
  2 bats (D:2)
  A frilled lizard (D:1)
  7 rats
43 creatures vanquished.

Notes
Turn   | Place    | Note
-------+----------+-------------------------------------------
     0 | D:1      | browni3141 the Mummy Cinder Acolyte began the quest for the
                  | Orb.
     0 | D:1      | Reached XP level 1. HP: 18/18 MP: 2/2
   718 | D:2      | Reached XP level 2. HP: 15/24 MP: 4/4
   969 | D:2      | Reached skill level 4 in Fighting
  1198 | D:2      | Gained mutation: You are in touch with the powers of death.
                  | [Mummy growth]
  1198 | D:2      | Reached XP level 3. HP: 29/30 MP: 5/5
  1237 | D:2      | Reached skill level 1 in Polearms
  1398 | D:2      | Found Lamia's Armour Shop.
  1477 | D:2      | Reached XP level 4. HP: 37/37 MP: 6/6
  1596 | D:2      | Found Isiu's Magic Scroll Emporium.
  1604 | D:2      | Bought a scroll of blinking for 90 gold pieces
  1731 | D:2      | Reached skill level 1 in Evocations
  2016 | D:3      | Slain by a wight

Illustrated notes

Levels and vault maps discovered:
D:1:      minmay_arrival_wavy_path, layout_loops_ring
D:2:      layout_basic, serial_shops, shop, shop, grunt_ministairs_10,
          minmay_liquid_box
D:3:      layout_rooms

Skill      XL: |  1  2  3  4 |
---------------+-------------+-----
Fighting       | 4 |  4.0
Polearms       | 2 |  2.6
Evocations     | 1 |  1.2
Axes           | |  2.4
Spellcasting   | |  1.3
Fire Magic     | |  2.4

Action                     |  1- 3 |  4- 6 || total
---------------------------+-------+-------++-------
  Melee: Hand axe          |    17 |       ||    17
         Spear             |    84 |    27 ||   111
         Club              |     4 |       ||     4
         War axe           |       |     7 ||     7
  Throw: Javelin           |       |     3 ||     3
 Invoke: Fiery Armour      |     1 |       ||     1
  Evoke: Wand              |       |     6 ||     6
    Use: Scroll            |       |     1 ||     1
 Armour: Robe              |     3 |       ||     3
         Ring mail         |    23 |    12 ||    35
  Dodge: Dodged            |    41 |    31 ||    72

Table legend: (Time is in decaauts)
 A = Elapsed time spent in this place.
 B = Non-inter-level travel time spent in this place.
 C = Inter-level travel time spent in this place.
 D = Time resting spent in this place.
 E = Time spent auto-exploring this place.
 F = Levels seen in this place.
 G = Mean time per level.
                   A        B        C        D        E       F      G
               +--------+--------+--------+--------+--------+-----+--------+
         Total |   2023 |   1832 |    191 |      9 |   1459 |   3 |  674.3 |
       Dungeon |   2023 |   1832 |    191 |      9 |   1459 |   3 |  674.3 |
               +--------+--------+--------+--------+--------+-----+--------+

Top non-repeatable levels by time:
     D:2: 1225 daAuts
     D:1: 686 daAuts
     D:3: 111 daAuts
